 Dungeon Crawl Stone Soup version 0.30-a0-900-g23479c02f2 (webtiles) character file.

Game seed: 14610504021876229466

111846 demibob the Severer (level 16, -24/132 (144) HPs)
             Began as a Hill Orc Wanderer on Mar 18, 2023.
             Was the Champion of Beogh.
             Killed from afar by Asterion (64 damage)
             ... with an orb of electricity
             ... on level 1 of the Spider Nest.
             The game lasted 01:07:18 (31233 turns).

demibob the Severer (Hill Orc Wanderer)            Turns: 31233, Time: 01:07:19

HP:   -24/132 (144) AC: 24    Str: 19    XL:     16   Next: 58%
MP:   17/17         EV: 18    Int: 14    God:    Beogh [******]
Gold: 116           SH: 21    Dex: 27    Spells: 16/17 levels left

rFire   . . .      SeeInvis +    a - +5 broad axe (pain)
rCold   + + +      Faith    .    j - +0 kite shield
rNeg    . . .      Spirit   .    O - +2 ice dragon scales
rPois   +          Reflect  +    v - +2 hat {Stlth+}
rElec   .          Rampage  .    l - +0 cloak {rPois}
rCorr   .                        m - +0 pair of fencer's gloves {Riposte Dex+3}
Will    +....                    t - +1 pair of boots of Heresy {Fly Int-5 Dex+6 SInv}
Stlth   ++                       y - amulet of reflection
HPRegen 0.42/turn                A - ring "Hias" {rF+ rC+ Int+6 Dex+5}
MPRegen 0.15/turn                E - +5 ring of evasion

@: flying, drained
A: walk on water
a: Renounce Religion, Smiting, Recall Orcish Followers, Give Item to Named
Follower, Resurrection


You were on level 1 of the Spider Nest.
You worshipped Beogh.
Beogh was exalted by your worship.
You visited 5 branches of the dungeon, and saw 24 of its levels.
You also visited: Sewer.

You collected 2910 gold pieces.
You spent 2794 gold pieces at shops.


   Skills:
 + Level 13.4 Fighting
 - Level 18.0 Axes
 - Level 1.7 Throwing
 + Level 13.2 Armour
 + Level 5.4 Dodging
 - Level 15.0 Shields
 - Level 4.5 Unarmed Combat
 - Level 1.0 Spellcasting
 - Level 13.5 Necromancy
 - Level 1.0 Evocations


You had 16 spell levels left.
You knew the following spells:

 Your Spells              Type           Power      Damage    Failure   Level
X - Necrotise             Necr           100%       1d9       1%          1

Your spell library contained the following spells:

 Spells                   Type           Power      Damage    Failure   Level
 Vampiric Draining        Necr           38%        2d8       1%          3
 Dispel Undead            Necr           38%        3d16      4%          4
 Kiss of Death            Conj/Necr      76%        2d11      8%          1
 Agony                    Necr           38%        N/A       14%         5
 Cigotuvi's Dreadful Rot  Necr/Pois/Air  26%        N/A       30%         2
 Magic Dart               Conj           0%         1d3       77%         1
 Shock                    Conj/Air       0%         1d3       77%         1
 Summon Small Mammal      Summ           0%         N/A       77%         1
 Call Imp                 Summ           0%         N/A       88%         2
 Poisonous Vapours        Pois/Air       0%         N/A       88%         2
 Scorch                   Fire           0%         2d5       88%         2
 Static Discharge         Conj/Air       0%         2-2/arc   88%         2
 Call Canine Familiar     Summ           0%         N/A       98%         3
 Confusing Touch          Hex            0%         N/A       98%         3
 Hailstorm                Conj/Ice       0%         3d3       98%         3
 Mephitic Cloud           Conj/Pois/Air  0%         N/A       98%         3
 Summon Guardian Golem    Hex/Summ       0%         N/A       98%         3
 Swiftness                Air            0%         N/A       98%         3
 Vhi's Electric Charge    Tloc/Air       0%         N/A       98%         3
 Airstrike                Air            0%         2d(0-16)  100%        4
 Flame Wave               Conj/Fire      0%         2d4       100%        4
 Ice Form                 Ice/Tmut       0%         N/A       100%        4
 Olgreb's Toxic Radiance  Pois           0%         N/A       100%        4
 Arcjolt                  Conj/Air       0%         1d10      100%        5
 Freezing Cloud           Conj/Ice/Air   0%         6-21      100%        5
 Yara's Violent Unravell  Hex/Tmut       0%         3d3       100%        5
 Simulacrum               Ice/Necr       9%         N/A       100%        6
 Summon Cactus Giant      Summ           0%         N/A       100%        6
 Enfeeble                 Hex            0%         N/A       100%        7
 Ozocubu's Refrigeration  Ice            0%         4d7       100%        7
 Ignition                 Fire           0%         3d3       100%        8
 Lehudib's Crystal Spear  Conj/Erth      0%         10d2      100%        8
 Maxwell's Capacitive Co  Air            0%         ∞         100%        8

Inventory:

Hand Weapons
 a - a +5 broad axe of pain (weapon)
 C - a +0 halberd of distortion
 J - the +9 sword of Zonguldrok {reap}
   (You found it on level 14 of the Dungeon)
Missiles
 c - 18 boomerangs (quivered)
 k - 5 throwing nets {=f}
 I - 5 silver boomerangs
Armour
 b - the orb "Ygoikuma" {*Rage, rN++}
   (You bought it in a shop on level 2 of the Dungeon)

   rN:        It greatly protects you from negative energy.
 j - a +0 kite shield (worn)
 l - a +0 cloak of poison resistance (worn)
 m - the +0 pair of fencer's gloves (worn) {Riposte Dex+3}
   (You bought it in a shop on level 10 of the Dungeon)

   Riposte:   It allows the wearer to riposte with melee weapons, swiftly
   retaliating against missed or blocked melee attacks.
   Dex:       It affects your dexterity (+3).
 t - the +1 pair of boots of Heresy (worn) {Fly Int-5 Dex+6 SInv}
   (You found it on level 5 of the Lair of Beasts)

   Int:       It affects your intelligence (-5).
   Dex:       It affects your dexterity (+6).
   SInv:      It lets you see invisible.
   Fly:       It grants you flight.
 v - a +2 hat of stealth (worn)
 O - +2 ice dragon scales (worn)
Jewellery
 p - an amulet of faith {!P}
 y - an amulet of reflection (around neck)
 A - the ring "Hias" (left hand) {rF+ rC+ Int+6 Dex+5}
   (You found it on level 8 of the Dungeon)

   [ring of intelligence]

   Int:       It affects your intelligence (+6).
   Dex:       It affects your dexterity (+5).
   rF:        It protects you from fire.
   rC:        It protects you from cold.
 E - a +5 ring of evasion (right hand)
 F - a ring of protection from fire
 N - a ring of positive energy
 R - a ring of resist corrosion
Wands
 r - a wand of polymorph (1)
 x - a wand of charming (7)
 D - a wand of roots (2)
 L - a wand of mindburst (6)
Scrolls
 e - 3 scrolls of fog
 f - 6 scrolls of identify {@r1}
 g - 3 scrolls of poison
 h - 5 scrolls of teleportation {@r2}
 q - 5 scrolls of magic mapping
 B - a scroll of fear
 H - a scroll of blinking
Potions
 d - 2 potions of flight
 i - 2 potions of mutation
 n - 3 potions of haste {@q3}
 o - a potion of magic
 z - a potion of might
 G - 2 potions of curing {@q1}
Miscellaneous
 w - a phial of floods

Dungeon Overview and Level Annotations

Branches:
Dungeon (15/15)            Temple (1/1) D:6            Lair (5/5) D:10
  Swamp (0/4) Lair:2       Spider (1/4) Lair:2        Slime (0/5) Lair:5
    Orc (2/2) D:9             Elf (0/3) Orc:2        Vaults (0/5) D:13
 Depths (0/4) D:15          Sewer (visited)

Altars:
Ashenzari
Cheibriados
Gozag
Hepliaklqana
Kikubaaqudgha
Makhleb
Okawaru
Qazlal
Sif Muna
Trog
Uskayaw
Vehumet
Wu Jian
Yredelemnul
The Shining One
Beogh

Shops:
D:2 [:[([   D:10 [(((   D:13 (   Orc:2 !=[=

Annotations:
D:3 1 runed translucent door, Crazy Yiuf
D:4 3 runed translucent doors, pokedragonboy's ghost, amateur NaTm
D:13 3 runed translucent doors, Selderis's ghost, journeyman FoFi
Spider:1 Asterion
Orc:1 exclusion: 2 doors

######### †...^...#
#######.# ..##.##.#
........################
#........#...#.2..#.....
#.##...........H@.......
..##.##...[.####o...#.##
.....##..##.# ##o##.#
.........##.###oo##.#
.........o..##.#....##
.#.#.#.#.....o..........
########................
#.###........#### ###
##########


You could see Asterion (fast, ally target), a balrug (summoned), a friendly orc
warrior, the friendly Bogrim the orc priest, the friendly Bolgrim the orc priest
and the friendly Herok the orc priest.


Message History

You barely miss the balrug. Asterion gores you but does no damage.
Bogrim hits Asterion from afar with a +0 trident!
Herok hits Asterion with a +0 dagger.
You hit Asterion.
Asterion writhes in agony!
Asterion is severely wounded.
You slash the balrug! The balrug gestures at you. The bolt of fire hits you!!
* * * LOW HITPOINT WARNING * * *
You block Asterion's attack.
You riposte.
Asterion blocks your attack.
Asterion is severely wounded.
You slash the balrug! Asterion gores you but does no damage.
Asterion blocks Bogrim's attack.
Herok hits Asterion but does no damage.
Asterion blocks your attack.
Asterion is severely wounded.
You hit the balrug.
You block Asterion's attack. x2; You riposte.
Asterion blocks your attack.
Asterion is severely wounded.
You slash the balrug! The balrug gestures at you. The bolt of fire misses you.
Asterion completely misses you. Asterion gores you!
* * * LOW HITPOINT WARNING * * *
Asterion blocks Herok's attack.
You hit Asterion.
Asterion writhes in agony!
Asterion is almost dead.
You slice the balrug!! You block the balrug's attack.
Asterion conjures a destructive force in the name of Makhleb!
The orb of electricity explodes!
The orb of electricity engulfs you!!!
You die...

Skill      XL: |  1  2  3  4  5  6  7  8  9 10 11 12 13 14 15 16 |
---------------+-------------------------------------------------+-----
Unarmed Combat | 4 |  4.5
Axes           | 2 4 6 8 11 13 15 17 18 | 18.0
Armour         | 3 4 5 7 8 9 10 11 12 13 | 13.2
Fighting       | 2 5 7 8 10 11 12 13 | 13.4
Necromancy     | 4 9 12 13 | 13.5
Dodging        | 3 5 |  5.4
Shields        | 11 15 | 15.0
Throwing       | |  1.7
Spellcasting   | |  1.0
Evocations     | |  1.0

Action                     |  1- 3 |  4- 6 |  7- 9 | 10-12 | 13-15 | 16-18 || total
---------------------------+-------+-------+-------+-------+-------+-------++-------
  Melee: Unarmed           |   129 |    43 |       |       |       |       ||   172
         Punch             |     4 |     6 |    22 |    28 |     9 |       ||    69
         Hand axe          |       |   172 |   381 |       |       |       ||   553
         War axe           |       |       |    88 |   235 |       |       ||   323
         Broad axe         |       |       |       |   402 |   871 |   270 ||  1543
         Scimitar          |       |       |       |       |     3 |       ||     3
  Throw: Boomerang         |       |     4 |    16 |     8 |       |       ||    28
 Invoke: Convert to Beogh  |       |       |     1 |       |       |       ||     1
         Recall Orcish Fol |       |       |       |       |     7 |     2 ||     9
         Give Item to Name |       |       |       |       |     1 |       ||     1
  Evoke: Wand              |       |       |    12 |     7 |    15 |     6 ||    40
         Phial of floods   |       |       |       |       |     1 |       ||     1
    Use: Scroll            |     4 |     7 |     6 |    13 |    10 |     6 ||    46
         Potion            |       |     1 |    10 |     5 |     8 |     1 ||    25
   Stab: Sleeping          |     1 |       |       |     2 |       |       ||     3
         Distracted        |       |       |       |       |    15 |     2 ||    17
         Paralysed         |       |       |       |       |     6 |       ||     6
         Confused          |       |       |       |       |     1 |       ||     1
         Petrified         |       |       |       |       |     6 |       ||     6
         Petrifying        |       |       |       |       |     1 |       ||     1
 Armour: Robe              |    12 |       |       |       |       |       ||    12
         Ring mail         |    28 |   103 |   245 |   171 |    15 |       ||   562
         Plate armour      |       |       |       |       |   252 |     4 ||   256
         Ice dragon scales |       |       |       |       |       |    62 ||    62
  Dodge: Dodged            |    51 |   112 |   185 |   189 |   231 |   118 ||   886
  Block: Other             |       |       |       |    42 |    30 |       ||    72
         Orb               |       |       |       |     4 |     1 |       ||     5
         Kite shield       |       |       |       |       |   479 |   275 ||   754
         Reflection        |       |       |       |       |     7 |     1 ||     8
Riposte: Broad axe         |       |       |       |       |       |    81 ||    81

Levels and vault maps discovered:
D:1:      giann_forest_graveyard, layout_basic, minivault_24
D:2:      layout_basic, serial_shops, shop_fountains, nicolae_shop_stone,
          nicolae_shop_advertising_works [nicolae_subvault_shop_adworks],
          nicolae_shop_crystal, shop, minmay_pentomino_pile
D:3:      layout_basic, cheibrodos_sewer_entry_bend, lemuel_flame_loot_1,
          uniq_crazy_yiuf_cottage
D:4:      cheibrodos_barr_body, layout_loops_ring,
          gammafunk_ghost_nasty_kobolds, minmay_goblin_outpost
D:5:      layout_basic, chequers_serial_rivers_marsh,
          hangedman_abyss_or_decor_stabs, uniq_grinder, uniq_ijyb, uniq_sigmund,
          uniq_eustachio
D:6:      layout_cave_pods, nicolae_hepliaklqana_ecumenical_no_more,
          bloody_trog, minmay_temple_entry_drinking_statues,
          serial_bayou_pond_a, minivault_19, uniq_blork_the_orc
D:7:      layout_gridville, nicolae_gozag_seed_capital, general_overflow_altar
D:8:      layout_rooms, fountainhead, uniq_gastronok
D:9:      layout_layer_cave, orc_0_dummy, serial_rivers,
          chequers_serial_rivers_small_3, chequers_serial_rivers_small_3,
          chequers_serial_rivers_micro_b, chequers_serial_rivers_marsh,
          chequers_serial_rivers_micro_d, uniq_erica
D:10:     layout_roguey, dpeg_oklobed_lair, serial_shops, shop, shop,
          nicolae_lakefront_shop, nicolae_shop_bloodbath_and_beyond
D:11:     cheibrodos_wizards_tower, layout_basic, uniq_harold
D:12:     layout_loops_corners, kennysheep_small_circle, uniq_snorg,
          uniq_nergalle, uniq_maurice, uniq_azrael
D:13:     layout_rooms, david_vaults_3, gammafunk_ghost_split, serial_shops,
          shop, reono_crystal_passage, uniq_nessos
D:14:     layout_loops_cross, minmay_misc_feat_iff,
          minmay_guarded_unrand_zonguldrok
D:15:     gammafunk_depths_entry_grave, layout_basic,
          chequers_serial_rivers_small_a, pdpol_wu_jian_five_deadly_venoms
Temple:   dpeg_three_leaves_temple
Lair:1:   layout_loops_ring, portal_ice_cave_entry_pillars_1,
          chequers_serial_rivers_micro_d, infiniplex_staircase_pool_2,
          serial_bayou_shore_a, lemuel_fruit_fields, grunt_megastairs_5
Lair:2:   layout_hall_layers, nicolae_swamp_entry_splash_gauntlet,
          spider_nest_entry_funnel_web
Lair:3:   layout_small_grid
Lair:4:   layout_gridlike, chequers_serial_rivers_marsh
Lair:5:   hangedman_lair_caniforms_friends, layout_layer_cave,
          hangedman_lair_in_review, nicolae_slime_entry_slimehenge,
          serial_bayou_pond_a, eino_small_chamber_without_monster
Spider:1: layout_spider_delve, nicolae_spider_jagged_tunnels,
          hangedman_spider_tarantella_strand, uniq_rupert, uniq_asterion
Orc:1:    layout_diamond_mine, hellmonk_guarded_unrand_dark_maul
Orc:2:    kennysheep_orc_mage_school, layout_caves

Notes
Turn   | Place    | Note
-------+----------+-------------------------------------------
     0 | D:1      | demibob the Hill Orc Wanderer began the quest for the Orb.
     0 | D:1      | demibob set off with the following items: a +0 dagger, a
                  | scroll of fear, 9 boomerangs, a potion of haste {@q3}, a
                  | potion of berserk rage {!q}, a +0 robe; and the following
                  | spell memorised: Necrotise; and the following spells
                  | available to memorise: Vampiric Draining.
     0 | D:1      | Reached XP level 1. HP: 14/14 MP: 2/2
   124 | D:1      | Reached XP level 2. HP: 12/20 MP: 3/3
   215 | D:1      | Reached skill level 4 in Unarmed Combat
   574 | D:1      | Reached XP level 3. HP: 26/26 MP: 4/4
   856 | D:2      | Reached skill level 1 in Axes
  1001 | D:2      | Found Usextuet's Antique Armour Shoppe.
  1019 | D:2      | Reached skill level 2 in Axes
  1019 | D:2      | Reached XP level 4. HP: 26/33 MP: 5/5
  1166 | D:2      | Found Idaer's Antique Armour Emporium.
  1171 | D:2      | Found Ilues's Antique Weapon Emporium.
  1214 | D:2      | Found Efas Gasch's Book Boutique.
  1331 | D:2      | Found Zany's Armour Shop.
  1440 | D:3      | Found a glowing drain.
  1492 | Sewer    | Entered a sewer
  1583 | Sewer    | Noticed Pargi
  1595 | Sewer    | Killed Pargi
  1596 | Sewer    | Reached skill level 4 in Axes
  1596 | Sewer    | Reached skill level 3 in Armour
  1596 | Sewer    | Reached XP level 5. HP: 38/38 MP: 6/6
  1635 | Sewer    | Got Iskenderun's Tractate on Blasting
  1856 | D:3      | Found a runed translucent door.
  1857 | D:3      | Noticed Crazy Yiuf
  2673 | D:4      | Reached XP level 6. HP: 43/45 MP: 7/7
  2752 | D:4      | Reached skill level 5 in Axes
  2847 | D:4      | Found a runed translucent gate.
  2847 | D:4      | Noticed pokedragonboy's ghost (amateur NaTm)
  2848 | D:4      | Found a runed translucent gate.
  2848 | D:4      | Found a runed translucent gate.
  2912 | D:4      | Reached skill level 4 in Armour
  3012 | D:4      | You fall into a shaft and drop 1 floor!
  3012 | D:5      | Entered Level 5 of the Dungeon
  3069 | D:4      | Reached skill level 6 in Axes
  3331 | D:4      | Reached XP level 7. HP: 43/50 MP: 8/8
  3492 | D:4      | Reached skill level 7 in Axes
  3664 | D:4      | Reached skill level 5 in Armour
  3956 | D:5      | Noticed Sigmund
  3964 | D:5      | Killed Sigmund
  3965 | D:5      | Reached skill level 8 in Axes
  4075 | D:5      | Reached XP level 8. HP: 27/57 MP: 9/9
  4157 | D:5      | Reached skill level 9 in Axes
  4305 | D:5      | Reached skill level 6 in Armour
  4381 | D:5      | Noticed Grinder
  4402 | D:5      | Paralysed by Grinder for 3 turns
  4417 | D:5      | Paralysed by Grinder for 5 turns
  4431 | D:5      | Killed Grinder
  4432 | D:5      | Reached skill level 10 in Axes
  4516 | D:5      | Noticed Ijyb
  4548 | D:5      | Killed Ijyb
  4601 | D:5      | Reached skill level 1 in Fighting
  4803 | D:5      | Reached skill level 2 in Fighting
  4803 | D:5      | Reached skill level 11 in Axes
  4803 | D:5      | Reached skill level 7 in Armour
  4803 | D:5      | Reached XP level 9. HP: 52/67 MP: 10/10
  4941 | D:5      | Noticed Eustachio
  4962 | D:5      | Killed Eustachio
  5041 | D:6      | Became a worshipper of Beogh the Brigand
  5098 | D:6      | Reached skill level 3 in Fighting
  5246 | D:6      | Found a staircase to the Ecumenical Temple.
  5327 | D:6      | Found a bloodstained altar of Trog.
  5449 | D:6      | Reached skill level 12 in Axes
  5641 | D:6      | Reached skill level 4 in Fighting
  5845 | D:6      | Found a faded altar of an unknown god.
  5845 | D:6      | Found a hazy altar of Hepliaklqana.
  5864 | D:6      | Found a faded altar of an unknown god.
  5935 | D:6      | Noticed Blork the orc
  5944 | D:6      | Killed Blork the orc
  5945 | D:6      | Reached skill level 8 in Armour
  6314 | D:7      | Reached * piety under Beogh
  6404 | D:7      | Reached skill level 5 in Fighting
  6404 | D:7      | Reached skill level 13 in Axes
  6417 | D:7      | Reached XP level 10. HP: 33/81 MP: 3/11
  6862 | D:7      | Found an opulent altar of Gozag.
  7236 | D:7      | Found a radiant altar of Vehumet.
  7305 | D:8      | Reached skill level 6 in Fighting
  7312 | D:8      | Reached ** piety under Beogh
  7435 | D:8      | Reached skill level 14 in Axes
  7896 | D:8      | Noticed Gastronok
  7918 | D:8      | HP: 3/83 [Gastronok (23)]
  8262 | D:2      | Bought a spiked orb for 308 gold pieces
  8262 | D:2      | Identified the orb "Ygoikuma" {*Rage, rN++} (You bought it
                  | in a shop on level 2 of the Dungeon)
  8454 | D:8      | Killed Gastronok
  8455 | D:8      | Reached skill level 9 in Armour
  8694 | D:8      | Identified the ring "Hias" {rF+ rC+ Int+6 Dex+5}
  8970 | D:9      | Noticed a two-headed ogre
  8984 | D:9      | Killed a two-headed ogre
  8985 | D:9      | Reached skill level 7 in Fighting
  8985 | D:9      | Reached skill level 15 in Axes
  9191 | D:9      | Found a staircase to the Orcish Mines.
  9224 | D:9      | Reached XP level 11. HP: 58/92 MP: 8/12
  9513 | D:9      | Noticed Erica
  9543 | D:9      | Killed Erica
  9810 | D:9      | Reached skill level 8 in Fighting
  9810 | D:9      | Reached skill level 10 in Armour
 10199 | D:9      | Identified the +1 robe "Focsoqu" {Int+3}
 10485 | Orc:1    | Entered Level 1 of the Orcish Mines
 10524 | Orc:1    | Noticed a cyclops
 10548 | Orc:1    | Killed a cyclops
 10613 | Orc:1    | Noticed a two-headed ogre
 10629 | Orc:1    | Killed a two-headed ogre
 10630 | Orc:1    | Reached skill level 16 in Axes
 10831 | Orc:1    | Noticed a two-headed ogre
 10857 | Orc:2    | Entered Level 2 of the Orcish Mines
 10995 | D:10     | Entered Level 10 of the Dungeon
 10995 | D:10     | Found Zisoc's Antique Weapon Shoppe.
 11033 | D:10     | Found Dewken's Weapon Shop.
 11042 | D:10     | Bought a +2 broad axe of pain for 220 gold pieces
 11091 | D:10     | Found Voezev's Weapon Boutique.
 11109 | D:10     | Noticed an oklob plant
 11435 | D:10     | Noticed a two-headed ogre
 11447 | D:10     | Killed a two-headed ogre
 11448 | D:10     | Reached skill level 2 in Necromancy
 11581 | D:10     | Found Iciuzah's Antique Armour Shop.
 11902 | D:10     | Reached skill level 3 in Necromancy
 11904 | D:10     | Reached skill level 17 in Axes
 12142 | D:10     | Found a staircase to the Lair.
 12210 | D:10     | Killed an oklob plant
 12334 | D:10     | Identified the +0 leather armour of Elyvilon's Supremacy
                  | {*Slow rN+ MP+9 Int+6}
 12440 | Temple   | Entered the Ecumenical Temple
 12537 | Lair:1   | Entered Level 1 of the Lair of Beasts
 12628 | Lair:1   | Found a frozen archway.
 12755 | Lair:1   | Reached skill level 4 in Necromancy
 12841 | Lair:1   | Reached XP level 12. HP: 78/103 MP: 13/13
 12844 | Lair:1   | Reached *** piety under Beogh
 12849 | Lair:1   | Reached skill level 18 in Axes
 12853 | Lair:1   | Reached skill level 5 in Necromancy
 13099 | Lair:1   | Reached skill level 6 in Necromancy
 13233 | Lair:1   | Identified the +9 halberd "Killer Bee's Doom" {drain, Fly
                  | rPois rF+ Int+3}
 13440 | Lair:1   | Reached skill level 7 in Necromancy
 13452 | Lair:1   | Reached skill level 9 in Fighting
 13777 | Lair:1   | Identified the +0 robe of Feasting {Str+2 Dex+3}
 13961 | Lair:2   | Reached skill level 8 in Necromancy
 14108 | Lair:2   | Found a hole to the Spider Nest.
 14471 | Lair:3   | Reached **** piety under Beogh
 14477 | Lair:3   | Reached skill level 10 in Fighting
 14477 | Lair:3   | Reached skill level 9 in Necromancy
 14696 | Lair:3   | Noticed a skyshark
 15434 | D:11     | Noticed Harold
 15451 | D:11     | Killed Harold
 15452 | D:11     | Reached XP level 13. HP: 84/114 MP: 14/14
 15634 | D:11     | Reached skill level 10 in Necromancy
 16158 | D:11     | Reached skill level 11 in Fighting
 16703 | D:12     | Noticed Azrael
 16790 | D:12     | Noticed Nergalle
 16997 | D:12     | Killed Nergalle
 17496 | Orc:2    | Found a staircase to the Elven Halls.
 17586 | Orc:2    | Gained Ognian as an ally
 17653 | Orc:2    | Reached skill level 11 in Necromancy
 17831 | Orc:2    | Found Turhyoj's Distillery.
 17926 | Orc:2    | Found Vamo's Jewellery Emporium.
 17946 | Orc:2    | Found an ancient bone altar of Kikubaaqudgha.
 17952 | Orc:2    | Paralysed by an ogre mage for 3 turns
 17962 | Orc:2    | Reached skill level 1 in Dodging
 18002 | Orc:2    | Found a radiant altar of Vehumet.
 18138 | Orc:2    | Found a roughly hewn altar of Beogh.
 18138 | Orc:2    | Found Ogi Ynec's Jewellery Shoppe.
 18144 | Orc:2    | Paralysed by an orc sorcerer for 2 turns
 18189 | Orc:2    | Found Cuodd's Antique Armour Emporium.
 18597 | Lair:2   | Your ally Ognian died
 18744 | Lair:2   | Reached skill level 2 in Dodging
 18876 | Lair:2   | Found a staircase to the Swamp.
 18884 | Lair:2   | Reached ***** piety under Beogh
 19367 | Lair:3   | Gained Okrist as an ally
 19375 | Lair:3   | Reached skill level 12 in Necromancy
 19891 | Lair:4   | Reached skill level 11 in Armour
 19891 | Lair:4   | Reached skill level 3 in Dodging
 20728 | Lair:5   | Entered Level 5 of the Lair of Beasts
 20810 | Lair:5   | Reached XP level 14. HP: 116/124 MP: 15/15
 20863 | Lair:5   | Gained Blodwig as an ally
 20997 | Lair:5   | Reached skill level 1 in Shields
 21001 | Lair:5   | Gained Herok as an ally
 21061 | Lair:5   | Reached skill level 2 in Shields
 21082 | Lair:5   | Reached skill level 3 in Shields
 21131 | Lair:5   | Reached skill level 4 in Shields
 21461 | Lair:5   | Reached skill level 5 in Shields
 21692 | Lair:5   | Reached skill level 6 in Shields
 21800 | Lair:5   | Noticed a dire elephant
 21803 | Lair:5   | Your ally Herok died
 21812 | Lair:5   | Killed a dire elephant
 21813 | Lair:5   | Reached skill level 7 in Shields
 21828 | Lair:5   | Identified the +1 pair of boots of Heresy {Fly Int-5 Dex+6
                  | SInv}
 21901 | Lair:5   | Found a staircase to the Slime Pits.
 22024 | Lair:5   | Reached skill level 8 in Shields
 22247 | Lair:5   | Reached ****** piety under Beogh
 22268 | Lair:5   | Reached skill level 9 in Shields
 22303 | Lair:5   | Reached skill level 10 in Shields
 23245 | D:12     | Killed Azrael
 23246 | D:12     | Reached skill level 11 in Shields
 23503 | D:12     | Reached XP level 15. HP: 130/130 MP: 16/16
 23961 | D:12     | Noticed Maurice
 23997 | D:12     | Killed Maurice
 24251 | D:12     | Reached skill level 12 in Shields
 24291 | D:12     | Noticed Snorg
 24299 | D:12     | Killed Snorg
 24510 | D:13     | Identified a scroll of acquirement
 24522 | D:13     | Acquired 710 gold pieces
 24551 | D:13     | Found Jocobih's Weapon Emporium.
 24564 | D:13     | Found a runed translucent gate.
 24569 | D:13     | Noticed Selderis's ghost (journeyman FoFi)
 24571 | D:13     | Found a runed translucent gate.
 24572 | D:13     | Found a runed translucent gate.
 24627 | D:13     | Found a gate to the Vaults.
 24627 | D:13     | Noticed Rupert
 24649 | D:13     | Killed Rupert
 24655 | D:13     | Reached skill level 13 in Shields
 24796 | D:13     | Noticed Nessos
 24806 | D:13     | Nessos changed into Nessos the steelbarb worm
 24806 | D:13     | Noticed Nessos
 24811 | D:13     | Killed Nessos the steelbarb worm
 25812 | D:14     | Reached skill level 14 in Shields
 26045 | D:14     | Gained Morguth as an ally
 26047 | D:14     | Found the +9 sword of Zonguldrok {reap}
 26047 | D:14     | Noticed a bone dragon
 26063 | D:14     | Killed a bone dragon
 26361 | D:14     | Reached skill level 15 in Shields
 26370 | D:14     | Gained Borgoth as an ally
 26570 | D:15     | Entered Level 15 of the Dungeon
 26668 | D:15     | Reached skill level 13 in Necromancy
 27120 | D:15     | Found a staircase to the Depths.
 27162 | D:15     | Your ally Morguth died
 27416 | D:15     | Reached skill level 12 in Armour
 27564 | D:15     | Reached skill level 12 in Fighting
 27566 | D:15     | Reached XP level 16. HP: 134/139 MP: 17/17
 28079 | D:15     | Found an ornate altar of the Wu Jian Council.
 28529 | D:2      | Bought shiny ice dragon scales for 1386 gold pieces
 28765 | Spider:1 | Entered Level 1 of the Spider Nest
 28923 | Spider:1 | Paralysed by a jorogumo for 2 turns
 29278 | D:10     | Bought the +0 pair of fencer's gloves {Riposte Dex+3} for
                  | 880 gold pieces
 29278 | D:10     | Found the +0 pair of fencer's gloves {Riposte Dex+3}
 29469 | Spider:1 | Reached skill level 4 in Dodging
 29515 | Spider:1 | Identified the +0 robe of the Teaching Gods {rPois rF+
                  | Will+}
 29581 | Spider:1 | Your ally Borgoth died
 30248 | Spider:1 | Reached skill level 13 in Fighting
 30522 | Spider:1 | Reached skill level 5 in Dodging
 30556 | Spider:1 | Reached skill level 13 in Armour
 30745 | Spider:1 | Gained Herok as an ally
 30745 | Spider:1 | Gained Bogrim as an ally
 30745 | Spider:1 | Gained Bolgrim as an ally
 31220 | Spider:1 | Noticed Asterion
 31233 | Spider:1 | Killed from afar by Asterion

Vanquished Creatures
  A bone dragon (D:14)
  Rupert (D:13)
  Gastronok (D:8)
  2 emperor scorpions (Spider:1)
  A ghost moth (Spider:1)
  A dire elephant (Lair:5)
  Snorg (D:12)
  2 entropy weavers (Spider:1)
  Harold (D:11)
  A hydra (Lair:5)
  Erica (D:9)
  2 catoblepae (Lair:5)
  A jorogumo (Spider:1)
  An anaconda (D:13)
  3 boulder beetles
  An ogre mage (Orc:2)
  3 two-headed ogres
  A centaur warrior (D:13)
  A death yak (Lair:4)
  Nergalle (D:12)
  2 skeletal warriors (D:15)
  A skyshark (Lair:3)
  2 pharaoh ants (Spider:1)
  3 orb spiders (Spider:1)
  2 wizards
  3 steelbarb worms
  A lindwurm (Lair:5)
  A deep elf pyromancer (D:15)
  A wolf spider zombie (D:14)
  A necromancer (D:13)
  3 manticores
  3 orc sorcerers
  An oklob plant (D:10)
  2 wolf spiders (Spider:1)
  9 ugly things
  2 moths of wrath (Spider:1)
  5 cyclopes
  2 black mambas
  2 centaur zombies (D:14)
  Maurice (D:12)
  A torpor snail (Spider:1)
  4 demonic crawlers (Spider:1)
  5 elephants (Lair:1)
  A gargoyle (D:12)
  4 centaur skeletons (D:14)
  4 cane toads
  An unseen horror (D:13)
  A rime drake (Lair:5)
  An efreet (D:15)
  5 komodo dragons
  A redback zombie (D:14)
  A guardian mummy (D:15)
  4 freezing wraiths
  A harpy zombie (D:14)
  5 trolls
  A meliai (D:14)
  Grinder (D:5)
  4 polar bears (Lair:5)
  14 dream sheep
  14 tarantellas (Spider:1)
  29 blink frogs
  2 raiju (Lair:5)
  11 jumping spiders (Spider:1)
  8 culicivoras
  Sigmund (D:5)
  2 water elementals (D:11)
  4 shadows
  A vampire (D:12)
  3 wyverns
  3 wraiths
  42 yaks
  A slime creature (D:12)
  16 humans (D:13)
  Eustachio (D:5)
  3 fire elementals (D:12)
  A steam dragon (D:6)
  17 redbacks
  6 vampire mosquitoes (D:12)
  2 wargs (Lair:5)
  6 hell hounds
  2 acid dragons
  2 swamp worms (Lair:2)
  15 water moccasins
  5 orc warriors
  2 ice beasts
  Pargi (Sewer)
  9 black bears
  A hornet zombie (D:14)
  6 ogres
  A sky beast (D:7)
  14 wolves
  A centaur (D:8)
  2 phantoms
  3 kobold brigands
  Blork the orc (D:6)
  A gnoll sergeant (D:10)
  3 scorpions (D:4)
  12 bullfrogs
  4 wights (D:9)
  3 killer bees (D:7)
  2 howler monkeys
  6 electric eels
  4 jellies
  5 orc priests
  2 hounds
  2 sleepcaps
  3 boggart zombies (D:14)
  5 iguanas
  17 orc wizards
  Ijyb (D:5)
  A boggart skeleton (D:14)
  10 gnolls
  8 adders
  2 shadow imps
  A white imp (D:8)
  An ufetubus (D:4)
  4 worms
  A dart slug (D:4)
  30 orcs
  8 ball pythons
  12 endoplasms
  4 giant cockroaches
  11 goblins
  17 hobgoblins
  2 jackals (Sewer)
  23 kobolds
  3 quokkas
  8 bats
  A frilled lizard (D:1)
  3 rats
591 creatures vanquished.

Vanquished Creatures (collateral kills)
  Azrael (D:12)
  A hydra (Lair:5)
  An ogre mage (Orc:2)
  A centaur warrior (D:14)
  2 catoblepae
  A death knight (D:14)
  4 death yaks (Lair:4)
  A titan zombie (D:15)
  3 skeletal warriors
  2 bog bodies (Lair:2)
  A flayed ghost (D:15)
  A wizard (D:15)
  An orc knight (Orc:2)
  A necromancer (D:15)
  A frost giant zombie (D:15)
  13 ugly things
  4 orc sorcerers (Orc:2)
  2 manticores
  A black mamba (Lair:5)
  3 centaur zombies (D:14)
  3 gargoyles
  2 centaur skeletons (D:14)
  6 cane toads
  A freezing wraith (D:14)
  4 rime drakes
  A guardian mummy (D:15)
  An efreet (D:15)
  A merfolk (shapeshifter) (D:15)
  6 polar bears (Lair:5)
  5 meliai
  2 trolls
  A harpy skeleton (D:14)
  2 raiju (Lair:5)
  10 blink frogs
  3 dream sheep (Lair:5)
  A spriggan zombie (D:15)
  An ettin zombie (D:15)
  A wraith (D:12)
  13 yaks
  3 redbacks (Spider:1)
  A basilisk (Lair:5)
  2 fire elementals (D:12)
  2 vampire mosquitoes (D:12)
  2 wargs (Lair:5)
  8 hell hounds (Lair:5)
  3 water moccasins (Lair:5)
  3 orc warriors (Orc:2)
  7 black bears (Lair:5)
  8 wolves (Lair:5)
  2 electric eels (D:15)
  3 jellies (Lair:5)
  3 orc wizards (Orc:2)
  An orc (Orc:2)
157 creatures vanquished.

Vanquished Creatures (others)
  2 orc knights
  4 orc sorcerers
  2 orc warriors (Orc:2)
  A hell hound (D:12)
  4 orc priests
  6 orc wizards
  16 orcs
  30 fungi
  56 plants
  15 withered plants (D:15)
136 creatures vanquished.

Grand Total: 884 creatures vanquished

Table legend: (Time is in decaauts)
 A = Elapsed time spent in this place.
 B = Non-inter-level travel time spent in this place.
 C = Inter-level travel time spent in this place.
 D = Time resting spent in this place.
 E = Time spent auto-exploring this place.
 F = Levels seen in this place.
 G = Mean time per level.
                   A        B        C        D        E       F      G
               +--------+--------+--------+--------+--------+-----+--------+
         Total |  30897 |  28590 |   2307 |   4200 |  19506 |  25 | 1235.9 |
       Dungeon |  19570 |  17945 |   1625 |   2645 |  12330 |  15 | 1304.7 |
        Temple |      1 |      0 |      1 |      0 |      0 |   1 |    1.0 |
          Lair |   7350 |   6874 |    476 |    923 |   4807 |   5 | 1470.0 |
   Spider Nest |   1963 |   1939 |     24 |    395 |   1088 |   1 | 1963.0 |
  Orcish Mines |   1812 |   1634 |    178 |    201 |   1171 |   2 |  906.0 |
         Sewer |    199 |    199 |      0 |     34 |    109 |   1 |  199.0 |
               +--------+--------+--------+--------+--------+-----+--------+

Top non-repeatable levels by time:
  Lair:5: 2105 daAuts
    D:11: 2042 daAuts
Spider:1: 1963 daAuts
     D:9: 1842 daAuts
    D:10: 1782 daAuts
     D:7: 1585 daAuts
  Lair:3: 1511 daAuts
    D:15: 1496 daAuts
  Lair:1: 1490 daAuts
    D:14: 1489 daAuts
  Lair:2: 1389 daAuts
     D:4: 1320 daAuts
     D:6: 1310 daAuts
   Orc:2: 1299 daAuts
    D:12: 1295 daAuts

Table legend:
 A = Non-vault XP
 B = Vault XP
 C = Vault XP percentage of total XP
 D = Non-vault monster count
 E = Vault monster count
 F = Vault count percentage of total count
                 A         B        C        D         E       F
            +---------+---------+-------+---------+---------+-------
      Total |  101537 |   58244 |  36.5 |     521 |     227 |  30.3
            +---------+---------+-------+---------+---------+-------
        D:1 |      39 |       0 |   0.0 |      23 |       0 |   0.0
        D:2 |      49 |       7 |  12.5 |      11 |       5 |  31.2
        D:3 |      26 |      10 |  27.8 |      13 |       2 |  13.3
        D:4 |     414 |     179 |  30.2 |      18 |      18 |  50.0
        D:5 |    1072 |     750 |  41.2 |      23 |       5 |  17.9
        D:6 |    1250 |      96 |   7.1 |      23 |       1 |   4.2
        D:7 |    1142 |       0 |   0.0 |      30 |       0 |   0.0
        D:8 |    1229 |    1476 |  54.6 |      19 |       1 |   5.0
        D:9 |    2154 |     852 |  28.3 |      11 |       1 |   8.3
       D:10 |    3382 |     557 |  14.1 |      31 |       1 |   3.1
       D:11 |    3755 |    1438 |  27.7 |      16 |       2 |  11.1
       D:12 |    6359 |    3900 |  38.0 |      24 |      13 |  35.1
       D:13 |    1894 |    6702 |  78.0 |       6 |      20 |  76.9
       D:14 |    9950 |    7693 |  43.6 |      24 |      21 |  46.7
       D:15 |   10927 |    2440 |  18.3 |      28 |       8 |  22.2
     Lair:1 |    9539 |       0 |   0.0 |      39 |       0 |   0.0
     Lair:2 |    2427 |    1970 |  44.8 |      12 |       7 |  36.8
     Lair:3 |    6960 |       0 |   0.0 |      28 |       0 |   0.0
     Lair:4 |    4533 |       0 |   0.0 |      11 |       0 |   0.0
     Lair:5 |   12986 |   15941 |  55.1 |      58 |      80 |  58.0
   Spider:1 |   19584 |    8412 |  30.0 |      57 |      19 |  25.0
      Orc:1 |     116 |    1323 |  91.9 |       1 |       2 |  66.7
      Orc:2 |    1750 |    4364 |  71.4 |      15 |      18 |  54.5
      Sewer |       0 |     134 | 100.0 |       0 |       3 | 100.0
            +---------+---------+-------+---------+---------+-------
